 Dungeon Crawl Stone Soup version 0.31.0-9-g3a7656b989 (webtiles) character file.

Game seed: 5481584528428559197

34 Colgate the Poker (level 3, 14/29 HPs)
             Began as a Demonspawn Cinder Acolyte on Jan 30, 2024.
             Was a High Priest of Ignis.
             Quit the game on level 2 of the Dungeon.
             The game lasted 00:00:44 (861 turns).

Colgate the Poker (Demonspawn Cinder Acolyte)        Turns: 861, Time: 00:00:44

Health: 14/29      AC:  5    Str: 16    XL:     3   Next: 14%
Magic:  4/4        EV: 11    Int: 14    God:    Ignis [*****.]
Gold:   83         SH:  0    Dex:  8    Spells: 4/4 levels left

rFire   + . .        a - -1 spear (flame)
rCold   . . .        (no shield)
rNeg    . . .        b - +0 robe
rPois   .            (no helmet)
rElec   .            (no cloak)
rCorr   .            (no gloves)
SInv    .            (no boots)
Will    .....        (no amulet)
Stlth   +            (no ring)
HPRegen 0.24/turn    (no ring)
MPRegen 0.09/turn

%: no passive effects
@: mildly poisoned (14 -> 9)
A: yellow scales 2
a: Renounce Religion, Fiery Armour, Foxfire Swarm, Rising Flame


You were on level 2 of the Dungeon.
You worshipped Ignis.
Ignis was extremely pleased with you.
You visited 1 branch of the dungeon, and saw 2 of its levels.

You collected 83 gold pieces.

Inventory:

Hand Weapons
 a - a -1 spear of flaming (weapon)
Armour
 b - a +0 robe (worn)
 k - the +7 ring mail of the Gusle {rF+ Dex+2 SInv Stlth-}
   (You found it on level 2 of the Dungeon)

   Dex+2:     It affects your dexterity (+2).
   rF+:       It protects you from fire.
   SInv:      It lets you see invisible.
   Stlth-:    It makes you less stealthy.
Scrolls
 d - 2 scrolls of identify {unknown}
 e - 2 scrolls of enchant armour {unknown}
 f - a scroll of acquirement {unknown}
 h - 3 scrolls of enchant weapon {unknown}
Potions
 c - 2 potions of berserk rage {unknown}
 g - 2 potions of curing {unknown}
 i - a potion of resistance {unknown}
 j - a potion of cancellation {unknown}


   Skills:
 - Level 3.0 Fighting
 + Level 3.9 Polearms
 - Level 1.0 Spellcasting
 - Level 2.6 Fire Magic


You had 4 spell levels left.
You didn't know any spells.
Your spell library contained the following spells:

 Spells                   Type           Power      Damage    Failure   Level
 Scorch                   Fire           16%        2d5       13%         2
 Ozocubu's Armour         Ice            0%         N/A       61%         3
 Metabolic Englaciation   Hex/Ice        0%         N/A       100%        5
 Sculpt Simulacrum        Ice/Alch       0%         N/A       100%        6


Dungeon Overview and Level Annotations

Branches:
Dungeon (2/15)

Altars:
Makhleb


Innate Abilities, Weirdness & Mutations

You are mostly covered in yellow scales. (AC +3)


Message History

You are too injured to fight recklessly!
There are monsters nearby!
You are too injured to fight recklessly!
There are monsters nearby!
You are too injured to fight recklessly!
There are monsters nearby!
You are too injured to fight recklessly!
There are monsters nearby!
You are too injured to fight recklessly!
There are monsters nearby!
You are too injured to fight recklessly!
There are monsters nearby!
You are too injured to fight recklessly!
There are monsters nearby!
You are too injured to fight recklessly!
There are monsters nearby!
You are too injured to fight recklessly!
There are monsters nearby!
You are too injured to fight recklessly!
There are monsters nearby!
You are too injured to fight recklessly!
There are monsters nearby!
You are too injured to fight recklessly!
There are monsters nearby!
You are too injured to fight recklessly!
There are monsters nearby!
You are too injured to fight recklessly!
There are monsters nearby!
You are too injured to fight recklessly!
There are monsters nearby!
You are too injured to fight recklessly!
There are monsters nearby!
You are too injured to fight recklessly!
There are monsters nearby!
Unknown command.
Unknown command.
Unknown command.
Unknown command.
Unknown command.
Are you sure you want to abandon this character and quit the game? (Confirm with "yes".)

### _.. ..# .. #.# ..
#.# .# ## #.# .# .. #
#.#########.#
#.##.##.......>...#
....#...........@##
####.##.########.SJ.|...
####.##.# #########
.....##.# ........#
#########


You could see an adder and an endoplasm.

Vanquished Creatures
  3 bats
  5 endoplasms
  3 giant cockroaches
  A goblin (D:1)
  2 hobgoblins
  2 quokkas
  5 ball pythons
  5 frilled lizards
  3 kobolds
  2 rats (D:1)
  A spectral hobgoblin (D:1)
32 creatures vanquished.

Notes
Turn   | Place    | Note
-------+----------+-------------------------------------------
     0 | D:1      | Colgate the Demonspawn Cinder Acolyte began the quest for
                  | the Orb.
     0 | D:1      | Reached XP level 1. HP: 18/18 MP: 2/2
    87 | D:1      | Gained mutation: You are partially covered in yellow
                  | scales. (AC +2) [demonic ancestry]
    87 | D:1      | Reached XP level 2. HP: 20/24 MP: 3/3
   123 | D:1      | Found a faded altar of an unknown god.
   667 | D:2      | Gained mutation: You are mostly covered in yellow scales.
                  | (AC +3) [demonic ancestry]
   667 | D:2      | Reached XP level 3. HP: 29/29 MP: 4/4
   800 | D:2      | Identified the +7 ring mail of the Gusle {rF+ Dex+2 SInv
                  | Stlth-}
   852 | D:2      | Found a burning altar of Makhleb.
   861 | D:2      | Quit the game

Illustrated notes

Levels and vault maps discovered:
D:1:      lightli_arrival_windingriver, layout_rooms,
          dreamdust_ecumenical_altar_drowned_temple
D:2:      layout_loops_ring, basic_altar, uniq_robin

Skill      XL: |  1 |
---------------+----+-----
Polearms       | 3 |  3.9
Fighting       | |  3.0
Spellcasting   | |  1.0
Fire Magic     | |  2.6

Action                     || total
---------------------------++-------
  Melee: Spear             ||   102
         Punch             ||     1
   Stab: Sleeping          ||     2
 Armour: Robe              ||    40
  Dodge: Dodged            ||    39
